 Dungeon Crawl Stone Soup version 0.28.0-53-g5a82cb258f (webtiles) character file.

Game seed: 2886697703179175758

129 styxcanada the Sneak (level 4, -1/23 HPs)
             Began as a Spriggan Brigand on July 8, 2022.
             Slain by an adder (2 damage)
             ... on level 3 of the Dungeon.
             The game lasted 00:09:01 (2892 turns).

styxcanada the Sneak (Spriggan Brigand)             Turns: 2892, Time: 00:09:01

Health: -1/23      AC:  3    Str:  7    XL:     4   Next: 88%
Magic:  7/7        EV: 17    Int: 12    God:
Gold:   77         SH:  0    Dex: 18    Spells: 5/5 levels left

rFire   . . .      SeeInvis +   a - +2 dagger
rCold   . . .      Faith    .   (no shield)
rNeg    . . .      Spirit   .   b - +0 robe
rPois   .          Reflect  .   (helmet restricted)
rElec   .          Harm     .   c - +0 cloak
rCorr   .          Rampage  .   (gloves unavailable)
Will    .....                   (boots unavailable)
Stlth   ++++......              (no amulet)
HPRegen 0.07/turn               (no ring)
MPRegen 0.10/turn               (no ring)

@: very quick
A: very small, no large weapons, unfitting armour, see invisible, speed 3
a: no special abilities


You were on level 3 of the Dungeon.
You visited 1 branch of the dungeon, and saw 3 of its levels.

You collected 77 gold pieces.

Inventory:

Hand Weapons
 a - a +2 dagger (weapon)
Missiles
 d - 3 poisoned darts (quivered)
 k - 37 stones
 m - a curare-tipped dart
Armour
 b - a +0 robe (worn)
 c - a +0 cloak (worn)
Jewellery
 e - an amulet of the acrobat
Scrolls
 f - 2 scrolls of brand weapon {unknown}
 g - 2 scrolls of immolation {unknown}
 h - 2 scrolls of amnesia {unknown}
 i - 3 scrolls of identify {unknown}
 j - a scroll of noise {unknown}
 o - a scroll of teleportation {unknown}
Potions
 l - a potion of lignification


   Skills:
 * Level 2.0 Fighting
 + Level 2.9 Short Blades
 + Level 2.3 Throwing
 * Level 2.6 Dodging
 * Level 7.6 Stealth
 * Level 1.4 Spellcasting


You had 5 spell levels left.
You didn't know any spells.
Your spell library contained the following spells:

 Spells                   Type           Power      Damage    Failure   Level
 Magic Dart               Conj           0%         1d3       28%         1
 Searing Ray              Conj           0%         2d4       41%         2
 Summon Guardian Golem    Hex/Summ       0%         N/A       65%         3
 Fulminant Prism          Conj/Hex       0%         3d6       96%         4
 Orb of Destruction       Conj           0%         9d5       100%        7
 Spellforged Servitor     Conj/Summ      0%         N/A       100%        7


Dungeon Overview and Level Annotations

Branches:
Dungeon (3/15)

Altars:


Innate Abilities, Weirdness & Mutations

You are very small and have problems with some larger weapons.
You are too small for most types of armour.
You have supernaturally acute eyesight. (SInv)
You cover ground extremely quickly. (Speed+++)


Message History

You kill the bat!
Throw: 4 darts (poison)
Press: ? - help, Q - select action, (/) - cycle Shift-Dir - straight line, f - adder
Aim: an adder (46% to hit)
You throw a poisoned dart.
The poisoned dart barely misses the adder.
The adder bites you.
* * * LOW HITPOINT WARNING * * *
You are lethally poisoned!
The adder poisons you!
It was a potion of lignification.
You turn into a tree.
Your +0 cloak melds into your body.
Your +0 robe melds into your body.
Your roots penetrate the ground.
You feel sick. The adder bites you but does no damage.
It was a potion of cancellation.
Your magical effects are unravelling.
You feel magically purged.
You feel less wooden.
Your +0 cloak unmelds from your body.
Your +0 robe unmelds from your body.
* * * LOW HITPOINT WARNING * * *
You feel sick. The adder barely misses you.
You hit the adder but do no damage.
* * * LOW HITPOINT WARNING * * *
You feel sick. The adder closely misses you. The adder misses you.
You barely miss the adder.
* * * LOW HITPOINT WARNING * * *
You feel sick. The adder closely misses you.
You hit the adder.
The adder is moderately wounded.
* * * LOW HITPOINT WARNING * * *
You feel sick.
You are no longer poisoned.
The adder barely misses you.
You miss the adder.
The adder is lightly wounded.
The adder misses you.
You hit the adder but do no damage.
The adder is lightly wounded.
The adder bites you.
You die...

#...#.....#
#.##..##)
#..(.##)####....†...
#........).).....##)
#...###########...#.
###.# #..... #.#
##.... #.# #...# #S#
##### #@# ###


You could see an adder.

Vanquished Creatures
  Robin (D:3)
  3 gnolls (D:3)
  2 adders
  2 worms (D:3)
  5 orcs (D:3)
  3 bats
  4 endoplasms
  3 giant cockroaches
  13 goblins
  3 hobgoblins (D:3)
  2 jackals (D:2)
  4 kobolds
  3 quokkas
  4 ball pythons
  A frilled lizard (D:2)
  4 rats
57 creatures vanquished.

Notes
Turn   | Place    | Note
-------+----------+-------------------------------------------
     0 | D:1      | styxcanada the Spriggan Brigand began the quest for the
                  | Orb.
     0 | D:1      | Reached XP level 1. HP: 10/10 MP: 2/2
   113 | D:1      | Reached skill level 6 in Stealth
   467 | D:1      | Reached XP level 2. HP: 14/14 MP: 3/3
   602 | D:1      | Found a faded altar of an unknown god.
  1270 | D:2      | Reached skill level 7 in Stealth
  1270 | D:2      | Reached XP level 3. HP: 18/18 MP: 4/4
  2325 | D:3      | Noticed Robin
  2353 | D:3      | Killed Robin
  2387 | D:3      | Reached skill level 1 in Spellcasting
  2395 | D:3      | Reached XP level 4. HP: 13/23 MP: 6/6
  2890 | D:3      | HP: 1/23 [poisoned by an adder]
  2892 | D:3      | Slain by an adder

Illustrated notes

Levels and vault maps discovered:
D:1:      dpeg_arrival_radiant, layout_basic,
          shapermc_ecumenical_altar_acropolis, serial_glass, glass_columns_a,
          glass_columns_a, glass_columns_c, glass_columns_b, glass_columns_c,
          glass_columns_a, due_unseen_surprise, minmay_split_cup_large
D:2:      layout_basic, chequers_serial_rivers_micro_b
D:3:      layout_rooms, nicolae_wormholes, uniq_robin, uniq_terence

Skill      XL: |  1  2  3  4 |
---------------+-------------+-----
Stealth        | 6 7 |  7.6
Dodging        | 2 |  2.6
Spellcasting   | 1 |  1.4
Fighting       | 2 |  2.0
Short Blades   | |  2.9
Throwing       | |  2.3

Action                   |  1- 3 |  4- 6 || total
-------------------------+-------+-------++-------
Melee: Dagger            |   136 |    80 ||   216
       Punch             |     1 |     1 ||     2
Throw: Dart              |    18 |    18 ||    36
  Use: Potion            |       |     2 ||     2
 Stab: Sleeping          |     9 |       ||     9
Armor: Robe              |    14 |     6 ||    20
       Skin              |       |     1 ||     1
Dodge: Dodged            |    88 |    50 ||   138
